[ AOE2 MATCH · #495796339 ]
UnrankedPoles vs Huns
Player's team · LOSS
Rival team · WIN
[ REPLAY ANALYSIS · EXTRACTED FROM THE RECORDED GAME ]
Feudal
9:40
Castle
20:30
Imperial
—
| APM avg | 63.0 |
| APM peak | 107 |
| eAPM avg | 34.1 |
| Villagers / military | 129 / 54 |
Focus
⚔️ 46.6% · 🌾 53.4%
Knight ×30 · Skirmisher ×14 · Fishing Ship ×7 · Militia ×5 · Spearman ×5
Feudal
9:46
Castle
21:48
Imperial
—
| APM avg | 57.4 |
| APM peak | 97 |
| eAPM avg | 26.9 |
| Villagers / military | 77 / 93 |
Focus
⚔️ 31.4% · 🌾 68.6%
Cavalry Archer ×56 · Fishing Ship ×33 · Archer ×21 · Scout Cavalry ×8 · Knight ×4 · Mangonel ×3
Match map
Initial resources + every placement click. Lines = walls · curves = elevation contours. ◆ gold · ⬟ stone · ● berries · ✦ relic · ◌ wall gap
Your base· ✓ Closed at 20:30 · 44t walls · 1 gate(s)
SneakySalmon's base· Open — unwalled flank
Smoothed initial terrain · ◌ = detected wall gap · hover for details
Inputs per minute
— aLovingHusband - - SneakySalmon
Build order — aLovingHusband
First 150 of 333 actions detected
| 0:00 | Create | Villager (Male) |
| 0:00 | Create | Villager (Male) |
| 0:01 | Create | Villager (Male) |
| 0:03 | Build | House |
| 0:05 | Build | House |
| 0:11 | Create | Villager (Male) |
| 1:26 | Create | Villager (Male) |
| 1:44 | Build | Lumber Camp |
| 1:59 | Create | Villager (Male) |
| 2:18 | Create | Villager (Male) |
| 2:43 | Create | Villager (Male) |
| 2:43 | Create | Villager (Male) |
| 2:59 | Create | Villager (Male) |
| 3:00 | Create | Villager (Male) |
| 3:24 | Create | Villager (Male) |
| 3:59 | Build | House |
| 4:00 | Create | Villager (Male) |
| 4:15 | Create | Villager (Male) |
| 4:15 | Create | Villager (Male) |
| 4:28 | Build | House |
| 4:36 | Create | Villager (Male) |
| 5:02 | Build | Dock |
| 5:08 | Create | Villager (Male) |
| 5:18 | Create | Villager (Male) |
| 5:18 | Create | Villager (Male) |
| 5:20 | Build | Palisade Wall |
| 5:21 | Build | Palisade Wall |
| 5:54 | Create | Villager (Male) |
| 5:54 | Create | Villager (Male) |
| 5:55 | Create | Villager (Male) |
| 5:55 | Create | Villager (Male) |
| 5:58 | Research | Loom |
| 6:02 | Create | Fishing Ship |
| 6:02 | Create | Fishing Ship |
| 7:26 | Research | Feudal Age |
| 7:53 | Build | Barracks |
| 8:10 | Build | House |
| 8:39 | Build | Mining Camp |
| 8:44 | Build | Palisade Wall |
| 8:53 | Build | House |
| 8:56 | Create | Militia |
| 8:57 | Create | Militia |
| 8:57 | Create | Militia |
| 8:57 | Create | Militia |
| 9:24 | Create | Fishing Ship |
| 9:28 | Build | House |
| 9:40 | Age | Feudal Age |
| 9:46 | Create | Villager (Male) |
| 9:47 | Research | Man-at-Arms (upgrade) |
| 10:01 | Create | Villager (Male) |
| 10:04 | Research | Double-Bit Axe |
| 10:11 | Create | Militia |
| 10:19 | Create | Fishing Ship |
| 10:29 | Create | Villager (Male) |
| 10:30 | Create | Villager (Male) |
| 10:35 | Build | Palisade Wall |
| 10:50 | Build | Mill |
| 10:50 | Create | Villager (Male) |
| 11:06 | Create | Villager (Male) |
| 11:10 | Create | Villager (Male) |
| 11:15 | Build | House |
| 11:16 | Build | House |
| 11:23 | Create | Spearman |
| 11:27 | Create | Villager (Male) |
| 11:29 | Create | Fishing Ship |
| 11:30 | Create | Fishing Ship |
| 11:44 | Create | Villager (Male) |
| 11:52 | Create | Spearman |
| 11:55 | Build | Palisade Wall |
| 11:55 | Build | Palisade Wall |
| 12:06 | Create | Fishing Ship |
| 12:07 | Create | Villager (Male) |
| 12:08 | Create | Villager (Male) |
| 12:15 | Create | Spearman |
| 12:33 | Create | Villager (Male) |
| 12:41 | Build | Palisade Wall |
| 12:48 | Create | Villager (Male) |
| 12:55 | Research | Horse Collar |
| 13:00 | Build | Mill |
| 13:15 | Create | Villager (Male) |
| 13:21 | Build | Archery Range |
| 13:22 | Build | House |
| 13:34 | Create | Villager (Male) |
| 13:37 | Build | Farm |
| 13:38 | Build | Farm |
| 13:38 | Build | Farm |
| 13:38 | Build | Farm |
| 13:57 | Create | Villager (Male) |
| 14:20 | Build | Farm |
| 14:21 | Build | Farm |
| 14:21 | Build | Farm |
| 14:21 | Build | Farm |
| 14:27 | Create | Villager (Male) |
| 14:28 | Create | Villager (Male) |
| 14:31 | Build | Palisade Gate |
| 14:51 | Create | Villager (Male) |
| 14:51 | Create | Villager (Male) |
| 15:03 | Build | Farm |
| 15:04 | Build | Farm |
| 15:04 | Build | Farm |
| 15:04 | Build | Farm |
| 15:10 | Build | Palisade Wall |
| 15:13 | Create | Skirmisher |
| 15:14 | Create | Skirmisher |
| 15:17 | Create | Villager (Male) |
| 15:35 | Build | Palisade Wall |
| 15:47 | Create | Skirmisher |
| 15:47 | Create | Villager (Male) |
| 15:53 | Build | Farm |
| 16:06 | Build | Farm |
| 16:10 | Create | Skirmisher |
| 16:14 | Build | House |
| 16:31 | Build | Blacksmith |
| 16:34 | Create | Villager (Male) |
| 16:49 | Create | Spearman |
| 16:58 | Create | Skirmisher |
| 16:58 | Create | Villager (Male) |
| 17:01 | Build | Blacksmith |
| 17:19 | Build | House |
| 17:20 | Build | House |
| 17:39 | Research | Castle Age |
| 17:46 | Build | Lumber Camp |
| 17:51 | Create | Skirmisher |
| 17:53 | Create | Villager (Male) |
| 18:15 | Build | Lumber Camp |
| 18:37 | Research | Fletching |
| 18:48 | Create | Skirmisher |
| 18:48 | Create | Skirmisher |
| 18:57 | Build | House |
| 19:14 | Create | Skirmisher |
| 19:14 | Create | Skirmisher |
| 19:29 | Build | Farm |
| 19:30 | Build | House |
| 19:32 | Build | House |
| 19:33 | Build | Palisade Wall |
| 19:41 | Create | Skirmisher |
| 19:42 | Create | Spearman |
| 20:03 | Build | Palisade Wall |
| 20:11 | Create | Villager (Male) |
| 20:30 | Age | Castle Age |
| 20:32 | Build | Town Center |
| 20:33 | Create | Villager (Male) |
| 20:34 | Research | Bow Saw |
| 20:36 | Research | Bodkin Arrow |
| 20:36 | Research | Padded Archer Armor |
| 21:04 | Build | Town Center |
| 21:05 | Create | Villager (Male) |
| 21:06 | Create | Villager (Male) |
| 21:14 | Create | Villager (Male) |
| 21:20 | Build | House |
Build order — SneakySalmon
First 150 of 284 actions detected
| 0:00 | Create | Villager (Male) |
| 0:01 | Create | Villager (Male) |
| 0:01 | Create | Villager (Male) |
| 0:01 | Create | Villager (Male) |
| 1:36 | Build | Lumber Camp |
| 1:36 | Create | Villager (Male) |
| 1:51 | Create | Villager (Male) |
| 2:26 | Create | Villager (Male) |
| 2:43 | Create | Villager (Male) |
| 3:18 | Create | Villager (Male) |
| 3:30 | Build | Palisade Wall |
| 3:42 | Create | Villager (Male) |
| 4:06 | Create | Villager (Male) |
| 4:14 | Build | Dock |
| 4:28 | Build | Palisade Wall |
| 4:37 | Build | Palisade Wall |
| 4:40 | Create | Villager (Male) |
| 4:40 | Create | Villager (Male) |
| 4:41 | Create | Villager (Male) |
| 4:55 | Create | Fishing Ship |
| 5:06 | Create | Villager (Male) |
| 5:07 | Create | Villager (Male) |
| 5:24 | Create | Villager (Male) |
| 5:25 | Create | Fishing Ship |
| 5:34 | Create | Villager (Male) |
| 5:48 | Build | Palisade Wall |
| 5:53 | Build | Palisade Wall |
| 6:04 | Create | Fishing Ship |
| 6:13 | Create | Villager (Male) |
| 6:39 | Create | Villager (Male) |
| 7:06 | Create | Fishing Ship |
| 7:07 | Research | Loom |
| 7:35 | Research | Feudal Age |
| 7:35 | Research | Feudal Age |
| 7:58 | Create | Fishing Ship |
| 8:11 | Build | Lumber Camp |
| 8:32 | Create | Villager (Male) |
| 8:44 | Create | Fishing Ship |
| 9:12 | Build | Barracks |
| 9:42 | Build | Palisade Wall |
| 9:46 | Age | Feudal Age |
| 9:59 | Build | Stable |
| 10:01 | Create | Villager (Male) |
| 10:03 | Research | Double-Bit Axe |
| 10:09 | Build | Palisade Wall |
| 10:12 | Build | Palisade Wall |
| 10:14 | Build | Palisade Wall |
| 10:21 | Create | Spearman |
| 10:27 | Create | Villager (Male) |
| 10:30 | Create | Fishing Ship |
| 10:43 | Create | Scout Cavalry |
| 10:44 | Create | Scout Cavalry |
| 10:49 | Create | Villager (Male) |
| 10:52 | Build | Palisade Wall |
| 11:02 | Create | Scout Cavalry |
| 11:02 | Create | Scout Cavalry |
| 11:09 | Create | Villager (Male) |
| 11:12 | Build | Palisade Wall |
| 11:21 | Create | Fishing Ship |
| 11:30 | Create | Scout Cavalry |
| 11:37 | Build | Archery Range |
| 11:41 | Build | Mining Camp |
| 11:47 | Create | Fishing Ship |
| 11:50 | Create | Villager (Male) |
| 12:10 | Create | Villager (Male) |
| 12:25 | Create | Villager (Male) |
| 12:32 | Build | Palisade Wall |
| 12:37 | Build | Palisade Wall |
| 12:46 | Create | Villager (Male) |
| 12:46 | Create | Archer |
| 12:47 | Create | Archer |
| 12:50 | Build | Blacksmith |
| 12:56 | Build | Dock |
| 13:00 | Create | Scout Cavalry |
| 13:04 | Build | Palisade Wall |
| 13:13 | Create | Archer |
| 13:14 | Create | Villager (Male) |
| 13:27 | Create | Fishing Ship |
| 13:38 | Create | Archer |
| 13:42 | Research | Fletching |
| 13:57 | Create | Archer |
| 14:15 | Create | Scout Cavalry |
| 14:17 | Create | Villager (Male) |
| 14:22 | Research | Forging |
| 14:24 | Create | Fishing Ship |
| 14:25 | Create | Fishing Ship |
| 14:28 | Create | Fishing Ship |
| 14:34 | Create | Archer |
| 14:41 | Build | Palisade Wall |
| 14:42 | Build | Palisade Wall |
| 15:00 | Build | Palisade Wall |
| 15:11 | Create | Scout Cavalry |
| 15:12 | Create | Villager (Male) |
| 15:13 | Create | Archer |
| 15:24 | Create | Fishing Ship |
| 15:24 | Create | Fishing Ship |
| 15:26 | Create | Archer |
| 15:30 | Create | Villager (Male) |
| 15:44 | Build | Mill |
| 15:52 | Create | Villager (Male) |
| 16:08 | Create | Fishing Ship |
| 16:30 | Create | Villager (Male) |
| 16:32 | Research | Bloodlines |
| 16:33 | Create | Archer |
| 17:00 | Create | Villager (Male) |
| 17:03 | Create | Fishing Ship |
| 17:03 | Create | Fishing Ship |
| 17:03 | Create | Fishing Ship |
| 17:08 | Build | Dock |
| 17:39 | Build | Market |
| 17:39 | Create | Villager (Male) |
| 17:41 | Create | Archer |
| 17:47 | Build | Dock |
| 18:02 | Create | Fishing Ship |
| 18:18 | Research | Tech 906 |
| 18:19 | Create | Villager (Male) |
| 18:34 | Create | Archer |
| 18:43 | Create | Fishing Ship |
| 19:08 | Research | Castle Age |
| 19:30 | Create | Archer |
| 19:30 | Create | Archer |
| 19:38 | Create | Archer |
| 19:41 | Create | Fishing Ship |
| 19:41 | Create | Fishing Ship |
| 19:44 | Build | Archery Range |
| 19:51 | Build | Archery Range |
| 19:54 | Create | Archer |
| 20:05 | Create | Fishing Ship |
| 20:11 | Research | Padded Archer Armor |
| 20:13 | Create | Fishing Ship |
| 20:20 | Create | Archer |
| 20:21 | Create | Archer |
| 20:36 | Research | Scale Barding Armor |
| 20:42 | Build | Lumber Camp |
| 20:44 | Build | Palisade Wall |
| 20:51 | Create | Archer |
| 20:51 | Create | Archer |
| 20:52 | Create | Archer |
| 20:58 | Create | Fishing Ship |
| 21:02 | Create | Fishing Ship |
| 21:11 | Build | Palisade Wall |
| 21:12 | Build | Palisade Wall |
| 21:25 | Create | Archer |
| 21:48 | Age | Castle Age |
| 21:51 | Research | Crossbowman (upgrade) |
| 21:53 | Research | Bodkin Arrow |
| 21:55 | Research | Light Cavalry (upgrade) |
| 21:56 | Create | Villager (Male) |
| 21:58 | Research | Husbandry |
| 22:00 | Create | Cavalry Archer |
Match timeline
| 3:30 | SneakySalmon · wall_segment Palisade Wall x1 |
| 4:14 | SneakySalmon · first_building Dock |
| 4:28 | SneakySalmon · wall_segment Palisade Wall x1 |
| 4:37 | SneakySalmon · wall_segment Palisade Wall x2 |
| 5:02 | aLovingHusband · first_building Dock |
| 5:20 | aLovingHusband · wall_segment Palisade Wall x1 |
| 5:21 | aLovingHusband · wall_segment Palisade Wall x1 |
| 5:48 | SneakySalmon · wall_segment Palisade Wall x1 |
| 5:53 | SneakySalmon · wall_segment Palisade Wall x5 |
| 7:53 | aLovingHusband · first_building Barracks |
| 8:44 | aLovingHusband · wall_segment Palisade Wall x1 |
| 9:12 | SneakySalmon · first_building Barracks |
| 9:40 | aLovingHusband · age_up feudal |
| 9:42 | SneakySalmon · wall_segment Palisade Wall x5 |
| 9:46 | SneakySalmon · age_up feudal |
| 9:59 | SneakySalmon · first_building Stable |
| 10:09 | SneakySalmon · wall_segment Palisade Wall x3 |
| 10:12 | SneakySalmon · wall_segment Palisade Wall x2 |
| 10:14 | SneakySalmon · wall_segment Palisade Wall x2 |
| 10:35 | aLovingHusband · wall_segment Palisade Wall x10 |
| 10:52 | SneakySalmon · wall_segment Palisade Wall x1 |
| 11:12 | SneakySalmon · wall_segment Palisade Wall x1 |
| 11:37 | SneakySalmon · first_building Archery Range |
| 11:55 | aLovingHusband · wall_segment Palisade Wall x6 |
| 11:55 | aLovingHusband · wall_segment Palisade Wall x2 |
| 12:32 | SneakySalmon · wall_segment Palisade Wall x1 |
| 12:37 | SneakySalmon · wall_segment Palisade Wall x1 |
| 12:41 | aLovingHusband · wall_segment Palisade Wall x4 |
| 13:04 | SneakySalmon · wall_segment Palisade Wall x1 |
| 13:21 | aLovingHusband · first_building Archery Range |
| 14:41 | SneakySalmon · wall_segment Palisade Wall x1 |
| 14:42 | SneakySalmon · wall_segment Palisade Wall x1 |
| 15:00 | SneakySalmon · wall_segment Palisade Wall x2 |
| 15:10 | aLovingHusband · wall_segment Palisade Wall x2 |
| 15:35 | aLovingHusband · wall_segment Palisade Wall x4 |
| 19:33 | aLovingHusband · wall_segment Palisade Wall x13 |
| 19:47 | SneakySalmon · first_market_buy 100 wood |
| 20:03 | aLovingHusband · wall_segment Palisade Wall x1 |
| 20:08 | SneakySalmon · first_market_sell 100 food |
| 20:30 | aLovingHusband · age_up castle |
| 20:44 | SneakySalmon · wall_segment Palisade Wall x1 |
| 21:11 | SneakySalmon · wall_segment Palisade Wall x1 |
| 21:12 | SneakySalmon · wall_segment Palisade Wall x1 |
| 21:48 | SneakySalmon · age_up castle |
| 22:07 | SneakySalmon · first_building Siege Workshop |
| 26:01 | aLovingHusband · first_building Castle |
| 26:28 | aLovingHusband · first_market_buy 500 stone |
| 26:29 | aLovingHusband · first_market_sell 100 food |
| 28:40 | SneakySalmon · first_building Monastery |
| 28:40 | aLovingHusband · wall_segment Stone Wall x1 |
| 28:48 | aLovingHusband · first_building Stable |
| 31:27 | SneakySalmon · first_building Castle |
| 32:47 | aLovingHusband · resign |
[ AI ANALYSIS · 1 CREDIT ]
What really happened in this match?
Wolo.gg analyzes every decision: build order, eco, micro, common mistakes by bracket. Personalized analysis on WhatsApp or Discord in 30 seconds.
Civ guide
Poles
Perfil
aLovingHusband